 Dungeon Crawl Stone Soup version 0.19-a0-1007-g133f65f (webtiles) character file.

180 mistymad the Skirmisher (level 5, -11/43 HPs)
             Began as a Formicid Abyssal Knight on July 19, 2016.
             Was a Believer of Lugonu.
             Mangled by Menkaure (12 damage)
             ... on level 4 of the Dungeon.
             The game lasted 00:06:28 (3286 turns).

mistymad the Skirmisher (Formicid Abyssal Knight)   Turns: 3286, Time: 00:06:29

Health: -11/43     AC: 13    Str: 17    XL:     5   Next: 91%
Magic:  6/6        EV:  5    Int: 17    God:    Lugonu [**....]
Gold:   199        SH:  0    Dex: 10    Spells: 0 memorised, 4 levels left

rFire  . . .     SeeInvis +     a - +1 hand axe
rCold  . . .     Gourm    .     p - +0 plate armour (curse)
rNeg   . . .     Faith    .     (no shield)
rPois  .         Spirit   .     (helmet unavailable)
rElec  .         Dismiss  .     r - +1 cloak {+Inv}
rCorr  .         Reflect  .     (no gloves)
SustAt .         Harm     .     (no boots)
MR     .....                    (no amulet)
Stlth  ..........               (no ring)
                                b - ring of flight

@: brilliant, flying, not resistant to hostile enchantments, extremely
unstealthy
A: permanent stasis, dig shafts and tunnels, four strong arms, antennae 3
a: Dig, Shaft Self, Depart the Abyss, Bend Space, Renounce Religion, Evoke
Invisibility


You were on level 4 of the Dungeon.
You worshipped Lugonu.
Lugonu was pleased with you.
You were not hungry.

You visited 1 branch of the dungeon, and saw 4 of its levels.
You visited the Abyss 1 time.

You collected 199 gold pieces.

Inventory:

Hand Weapons
 a - a +1 hand axe (weapon)
 n - a +2 flail of protection
Armour
 p - a cursed +0 plate armour (worn)
 r - a +1 cloak of invisibility (worn)
Jewellery
 b - a ring of flight (left hand)
Wands
 q - a wand of polymorph (7/24)
Scrolls
 d - 2 scrolls of random uselessness {unknown}
 e - 3 scrolls of teleportation {unknown}
 f - 2 scrolls of identify {unknown}
 h - a scroll of noise {unknown}
 j - a scroll of immolation {unknown}
 k - 2 scrolls of enchant armour {unknown}
 m - a scroll of amnesia {unknown}
 o - 4 scrolls of remove curse {unknown}
Potions
 u - a potion of curing {unknown}
Comestibles
 c - 2 bread rations
 l - 2 beef jerkies
 t - 2 meat rations


   Skills:
 + Level 4.6 Fighting
 + Level 3.6 Axes
 + Level 3.5 Armour
 - Level 0.8 Dodging
 - Level 2.1 Invocations
 + Level 1.3 Evocations


You had 4 spell levels left.
You didn't know any spells.

Dungeon Overview and Level Annotations

Branches:
Dungeon (4/15)
 Temple: D:4-7

Altars:
Ashenzari
Ru
The Shining One

Annotations:
D:4 Menkaure


Innate Abilities, Weirdness & Mutations

You are under a permanent stasis effect.
You can dig through walls and to a lower floor.
Your four strong arms can wield two-handed weapons with a shield.
You have a pair of large antennae on your head. (SInv)


Message History

Menkaure barely misses you.
Unknown command.
You slash Menkaure!
Menkaure is heavily damaged.
Menkaure gestures wildly while chanting.
Menkaure seems to speed up.
You slash Menkaure!
Menkaure is severely damaged.
Menkaure hits you!!
* * * LOW HITPOINT WARNING * * *
You take 18 damage, and have 1/43 hp.
MASSIVE DAMAGE!!
Unknown command.
It was a potion of flight.
You feel very buoyant.
You fly up into the air.
Menkaure hits you but does no damage. Menkaure barely misses you.
It was a potion of brilliance.
You feel clever all of a sudden. Menkaure hits you!
You die...

#######
###.......
#.@.......
#.#M#.....
#.#.# ...
#.#.# .
#.#.#
#.#..
###.###
#...#
#.###


You could see Menkaure.

Vanquished Creatures
  Crazy Yiuf (D:2)
  An orc wizard (D:3)
  A worker ant (D:4)
  2 adders
  2 dart slugs (D:2)
  3 giant geckos
  8 orcs
  2 bats (D:1)
  6 giant cockroaches
  9 goblins
  4 hobgoblins
  4 jackals (D:2)
  8 kobolds
  4 quokkas
  A ball python (D:2)
  4 giant newts
  4 rats
64 creatures vanquished.

Notes
Turn   | Place    | Note
-------+----------+-------------------------------------------
     0 | Abyss:1  | mistymad the Formicid Abyssal Knight began the quest for the Orb.
     0 | Abyss:1  | Reached XP level 1. HP: 18/18 MP: 2/2
    18 | D:1      | Escaped the Abyss
   436 | D:1      | Reached XP level 2. HP: 24/24 MP: 3/3
   464 | D:1      | Reached * piety under Lugonu
   917 | D:1      | Reached XP level 3. HP: 30/30 MP: 4/4
  1454 | D:2      | Reached skill level 4 in Fighting
  1519 | D:2      | Found a sacrificial altar of Ru.
  1699 | D:2      | Reached ** piety under Lugonu
  1884 | D:2      | Reached XP level 4. HP: 37/37 MP: 5/5
  1892 | D:2      | Found a runed door.
  1950 | D:2      | Noticed Crazy Yiuf
  1962 | D:2      | Killed Crazy Yiuf
  2331 | D:3      | Reached XP level 5. HP: 39/43 MP: 6/6
  2510 | D:3      | Found a shattered altar of Ashenzari.
  2719 | D:3      | Found a glowing golden altar of the Shining One.
  2932 | D:3      | Reached skill level 1 in Evocations
  2988 | D:4      | Noticed an ogre
  3003 | D:4      | Noticed a naga
  3003 | D:4      | an ogre changed into a naga
  3277 | D:4      | Noticed Menkaure
  3284 | D:4      | HP: 1/43 [Menkaure (19)]
  3286 | D:4      | Mangled by Menkaure

Vault maps used:
D:1:      lemuel_arrival_funnel
D:2:      nicolae_ru_the_path_less_chosen, uniq_crazy_yiuf_cottage
D:3:      ashenzari_conservatory_becter, nicolae_tso_carved_into_rock,
          kennysheep_generic_room_3
D:4:      kennysheep_little_box, bloody_trog, serial_shops,
          nicolae_shop_crystal, first_bread, hangedman_decor_push, uniq_menkaure

Skill      XL: |  1  2  3  4  5 |
---------------+----------------+-----
Fighting       | 4 |  4.6
Axes           | 3 |  3.6
Armour         | 3 |  3.5
Evocations     | 1 |  1.3
Dodging        | |  0.8
Invocations    | |  2.1

Action                   |  1- 3 |  4- 6 || total
-------------------------+-------+-------++-------
Melee: Hand axe          |    92 |     6 ||    98
       Flail             |    14 |   107 ||   121
Invok: Depart the Abyss  |     1 |       ||     1
 Abil: Dig               |       |     3 ||     3
Evoke: Wand              |       |     1 ||     1
  Use: Potion            |       |     2 ||     2
  Eat: Chunk             |     3 |     5 ||     8
Armor: Ring mail         |    19 |       ||    19
       Chain mail        |    41 |       ||    41
       Plate armour      |     6 |    73 ||    79
Dodge: Dodged            |    46 |    37 ||    83
